woodfighter, lawful female human Archeologist -------- ##-.<....| ###|......| ### -------- ### ### - Y# ### I@# ### ### ## ### ####### #### # ### .. ../| ..| | woodfighter the Field Worker Experience level: 5 Strength: 13 Dexterity: 12 Constitution: 15 Intelligence: 13 Wisdom: 14 Charisma: 10 Health: 0(43) Energy: 21(21) Def: 2 Gold: 363 Moves: 2826 Dungeon seed: 0_JXDDqfdLrjkGJu Game ID: woodfighter_1584301362 Your Inventory: Coins $ - 363 gold pieces Amulets C - a cursed amulet of strangulation L - a cursed amulet of restful sleep Weapons c - a +2 bullwhip (alternate weapon; not wielded) h - a +0 boomerang (in quiver) O - the +0 Mjollnir Armor e - an uncursed +0 leather jacket (being worn) n - a blessed +0 fedora z - an uncursed +0 orcish helm (being worn) F - a cursed -1 pair of gauntlets of power N - a cursed -2 pair of gauntlets of fumbling Y - a cursed -1 pair of fumble boots Comestibles b - 2 uncursed food rations Wands K - a wand of sleep (0:5) Tools a - a +0 pick-axe (weapon in hand) s - an uncursed sack y - an uncursed skeleton key H - a can of grease (0:25) Gems q - an uncursed touchstone r - an uncursed worthless piece of yellowish brown glass Contents of the sack: 848 gold pieces an uncursed sprig of wolfsbane an uncursed scroll of gold detection a [uncursed] scroll of identify an uncursed scroll of light an uncursed scroll of scare monster an uncursed scroll of scare monster an uncursed scroll of teleportation an uncursed spellbook of force bolt an uncursed spellbook of sleep an uncursed potion of confusion an uncursed potion of gain ability a [uncursed] potion of hallucination a cursed ring of see invisible a wand of light (0:15) an uncursed wand of light [0:13] an uncursed wand of light [0:12] Spells and supernatural/magical abilities: Name Level Category Fail Memory W - pray for help -- divine ? -- Your skills at the end: Miscellaneous Skills wands [Basic] Weapon Skills pick-axe [Skilled] boomerang [Basic] whip [Basic] Spellcasting Skills Final Attributes: You were fervently aligned. You were somewhat stealthy. You were held by an owlbear. You were fast. You are dead. Vanquished creatures: a panther a dust vortex a bugbear a violet fungus a gnome lord a straw golem a giant ant 3 iguanas a jitterbug a giant bat 4 geckos a hobgoblin 4 giant rats a cave spider a red mold a gnome 6 jackals a fox 4 newts 6 goblins 5 grid bugs 4 lichens 2 kobold zombies 52 creatures vanquished. Voluntary challenges: You did not adorn yourself with jewelry or accessories. You did not cause conflict. You were not invisible. You did not have reflection. You were not displaced. You used a wielded weapon 133 times, starting on turn 66. You did not apply a unicorn horn. You did not use plumbed fixtures. You did not drink any magical draughts. You were illiterate. You never genocided any monsters. You never polymorphed an object. You never changed form. You used no wishes. You never split a pudding. You never wrote Elbereth's name. You never violated your personal moral code. Dungeon overview: The Dungeons of Doom: levels 1 to 9 Level 1 (water) a fountain a long staircase Level 2 some fountains Level 3 a general store, some fountains, a sink Level 4 an altar to Huhetotl, a fountain stairs to The Gnomish Mines Level 5 (water) a weapon shop, a fountain Level 6 Level 7 a sink, a throne Level 8 Level 9 <- You were here The Gnomish Mines: Level 5 stairs to The Dungeons of Doom History has recorded: On T:1 you entered the Dungeons of Doom to retrieve the Amulet of Yendor! On T:148 you reached level 2 of The Dungeons of Doom. On T:350 you reached level 3 of The Dungeons of Doom. On T:607 you advanced to experience level 2. On T:733 you reached level 4 of The Dungeons of Doom. On T:837 you advanced to experience level 3. On T:975 you reached level 5 of The Dungeons of Doom. On T:1059 you reached level 1 of The Gnomish Mines. On T:1336 you advanced to experience level 4. On T:1434 you reached level 6 of The Dungeons of Doom. On T:1776 you reached level 7 of The Dungeons of Doom. On T:1892 you advanced to experience level 5. On T:1968 you reached level 8 of The Dungeons of Doom. On T:2037 you reached level 9 of The Dungeons of Doom. On T:2148 you prayed to Quetzalcoatl. On T:2790 you prayed to Quetzalcoatl. Score breakdown: Gold: 1211 ( 121 points) Experience: 5 levels ( 400 points) Exploration: 9 levels ( 240 points) Discoveries: 21 items ( 1050 points) Variety of kills: 23 monsters ( 1150 points) Major goal: (nothing yet) ( 0 points) Survival: died (score multiplied by 3) Total score: 8883 Latest messages: The housecat misses the panther. The panther claws you! (2x) The panther bites! You begin praying to Quetzalcoatl. You are surrounded by a shimmering light. You feel that Quetzalcoatl is pleased. You feel much better. The panther claws you! (2x) The panther bites! You hit the panther. (2x) The panther claws you! (2x) The panther bites! You kill the panther! You see here a panther corpse. This panther corpse tastes terrible! You finish eating the panther corpse. You stop exploring. Something touches you! You hit something. (5x) The owlbear punches you! (2x) The owlbear grabs you! You hit the owlbear. The owlbear punches you! (2x) You are being crushed. You die... Final status: Goodbye woodfighter the Archeologist, killed by an owlbear... You died in The Dungeons of Doom on dungeon level 9 with 8883 points, and 1211 pieces of gold, after 2826 moves. You were level 5 with a maximum of 43 hit points when you died.